 Dungeon Crawl Stone Soup version 0.18-a0-1800-gdc7a371 (webtiles) character file.

108 Zhenya25pyc the Skirmisher (level 4, -1/29 HPs)
             Began as a Gargoyle Fighter on Apr 24, 2016.
             Slain by a gnoll
             ... wielding a +0 whip
              (7 damage)
             ... on level 2 of the Dungeon.
             The game lasted 00:02:21 (1068 turns).

Zhenya25pyc the Skirmisher (Gargoyle Fighter)       Turns: 1068, Time: 00:02:21

Health: -1/29      AC: 10    Str: 21    XL:     4   Next: 87%
Magic:  4/4        EV:  7    Int:  8    God:
Gold:   69         SH:  9    Dex:  9    Spells: 0 memorised, 3 levels left

rFire  . . .     SeeInvis .     a - +0 flail
rCold  . . .     Gourm    .     b - +0 scale mail
rNeg   + . .     Faith    .     c - +0 shield
rPois  ∞         Spirit   .     (no helmet)
rElec  +         Dismiss  .     (no cloak)
rCorr  .         Reflect  .     (no gloves)
SustAt .         Harm     .     (no boots)
MR     .....                    (no amulet)
Stlth  ..........               (no ring)
                                (no ring)

@: not resistant to hostile enchantments, extremely unstealthy
A: negative energy resistance 1, electricity resistance, unbreathing,
petrification resistance, rot immunity, AC +3
a: no special abilities


You were on level 2 of the Dungeon.
You were not hungry.

You visited 1 branch of the dungeon, and saw 2 of its levels.

You collected 69 gold pieces.

Inventory:

Hand Weapons
 a - a +0 flail (weapon)
Armour
 b - a +0 scale mail (worn)
 c - a +0 shield (worn)
Jewellery
 h - an uncursed ring of magical power {unknown}
Scrolls
 e - 4 scrolls of identify {unknown}
 g - a scroll of recharging {unknown}
 j - 3 scrolls of amnesia {unknown}
 l - a scroll of blinking {unknown}
 m - a scroll of magic mapping {unknown}
 n - a scroll of fog {unknown}
Potions
 d - a potion of might
 i - a potion of invisibility {unknown}
 k - a potion of mutation {unknown}
 o - a potion of curing {unknown}
 p - a potion of magic {unknown}
Comestibles
 f - 2 bread rations
 q - a slice of pizza


   Skills:
 + Level 4.2 Fighting
 * Level 3.3 Maces & Flails
 + Level 3.8 Armour
 + Level 3.8 Shields


You had 3 spell levels left.
You didn't know any spells.

Dungeon Overview and Level Annotations

Branches:
Dungeon (2/15)

Altars:
Yredelemnul


Innate Abilities, Weirdness & Mutations

You are resistant to torment.
Your stone body is resilient (AC +3).
You are immune to poison.
You resist negative energy.
You are resistant to electric shocks.
You can survive without breathing.
You are immune to petrification.
You are immune to rotting.


Message History

You hit the gnoll but do no damage.
The gnoll is heavily wounded.
You block the gnoll's attack. The gnoll hits you but does no damage.
You barely miss the gnoll.
The gnoll is heavily wounded.
The gnoll hits you but does no damage.
The gnoll hits you from afar with a spear.
The gnoll hits you with a halberd.
You sock the gnoll!
You kill the gnoll!
The gnoll closely misses you. You block the gnoll's attack.
Your shield and scale mail prevent you from hitting the gnoll.
The gnoll hits you with a whip.
The gnoll hits you from afar with a spear.
The gnoll hits you but does no damage.
You hit the gnoll but do no damage.
The gnoll hits you from afar with a spear!
* * * LOW HITPOINT WARNING * * *
The gnoll hits you with a whip!
You die...

.....g..)....# #...##
l..####.##..## ###..# ##
..#.....# #######.# #..$[##.#
#.......# ###.....###.....>.#
#.......##.......#
#^.#.##g..........## #.##.
#g##.........# .........#. #
#@#..........# ..........
#.#..........# #........#
..#.....#........#
#........#..#..#.###.#####.##
#........#....##.# #. #.#
#............. #.# #. #.#
#.##†#....#.. #.# #.# ##.#
#.##.......... #.###.####..#
#.##.......>..##.#.........#


You could see 2 gnolls.

Vanquished Creatures
  4 adders (D:2)
  2 gnolls
  An ooze (D:2)
  A dart slug (D:2)
  3 giant geckos (D:2)
  A ball python (D:1)
  5 bats
  A giant cockroach (D:1)
  7 goblins
  4 hobgoblins (D:1)
  9 kobolds
  3 giant newts
  5 rats (D:1)
46 creatures vanquished.

Notes
Turn   | Place    | Note
--------------------------------------------------------------
     0 | D:1      | Zhenya25pyc the Gargoyle Fighter began the quest for the Orb.
     0 | D:1      | Reached XP level 1. HP: 14/14 MP: 1/1
     2 | D:1      | Noticed a ghoul
     4 | D:1      | Noticed an ogre
     4 | D:1      | Noticed a minotaur
     6 | D:1      | Noticed a human
     6 | D:1      | Noticed a troll
     8 | D:1      | Noticed a demonspawn
    10 | D:1      | Noticed a dwarf
    10 | D:1      | Noticed a centaur
    12 | D:1      | Noticed a halfling
    12 | D:1      | Noticed a tengu
    14 | D:1      | Noticed a merfolk
    14 | D:1      | Noticed an octopode
    16 | D:1      | Noticed a spriggan
    18 | D:1      | Noticed a gargoyle
    18 | D:1      | Noticed an elf
    20 | D:1      | Noticed a naga
    20 | D:1      | Noticed a vampire
    22 | D:1      | Noticed a vine stalker
    24 | D:1      | Noticed a draconian
    24 | D:1      | Noticed a demigod
    26 | D:1      | Noticed a felid
    26 | D:1      | Noticed a formicid
   110 | D:1      | Reached XP level 2. HP: 10/19 MP: 2/2
   399 | D:1      | Reached XP level 3. HP: 17/24 MP: 3/3
   638 | D:2      | Found a basalt altar of Yredelemnul.
   675 | D:2      | Reached skill level 4 in Fighting
   681 | D:2      | Reached XP level 4. HP: 29/29 MP: 4/4
  1068 | D:2      | Slain by a gnoll

Vault maps used:
D:1:      kb_arrival_jail
D:2:      lemuel_blue_sif_altar, first_bread, yredelemnul_altar_generic

Skill      XL: |  1  2  3  4 |
---------------+-------------+-----
Fighting       | 4 |  4.2
Maces & Flails | 3 |  3.3
Armour         | |  3.8
Shields        | |  3.8

Action                   |  1- 3 |  4- 6 || total
-------------------------+-------+-------++-------
Melee: Flail             |    97 |   110 ||   207
  Eat: Chunk             |       |     1 ||     1
Armor: Scale mail        |    70 |    97 ||   167
Dodge: Dodged            |    34 |    68 ||   102
Block: Shield            |    65 |    92 ||   157
